 Dungeon Crawl Stone Soup version 0.30-a0-358-g0d69a1922f (webtiles) character file.

Game seed: 8550133818267549484

1407 bande the Chopper (level 8, 0/49 HPs)
             Began as a Gargoyle Fighter on Nov 8, 2022.
             Was a Believer of Okawaru.
             Slain by a two-headed ogre
             ... wielding a +0 giant club
              (14 damage)
             ... on level 5 of the Dungeon.
             The game lasted 00:09:38 (5492 turns).

bande the Chopper (Gargoyle Fighter)                Turns: 5492, Time: 00:09:39

Health: 0/49       AC: 22    Str: 26    XL:     8   Next: 70%
Magic:  10/10      EV:  6    Int:  9    God:    Okawaru [**....]
Gold:   256        SH:  5    Dex: 11    Spells: 7/7 levels left

rFire   . . .      SeeInvis .    a - +0 war axe (flame)
rCold   . . .      Faith    .    c - +0 buckler
rNeg    + . .      Spirit   .    r - +0 plate armour
rPois   ∞          Reflect  .    g - +0 helmet
rElec   +          Harm     .    w - +1 cloak {rCorr}
rCorr   +          Rampage  .    (no gloves)
Will    +....                    m - +0 pair of boots
Stlth   ..........               (no amulet)
HPRegen 0.28/turn                q - ring of willpower
MPRegen 0.12/turn                p - +6 ring of strength

@: mighty
A: sickness immunity, AC +5, negative energy resistance 1, electricity
resistance, torment resistance 1, petrification resistance
a: Renounce Religion, Heroism


You were on level 5 of the Dungeon.
You worshipped Okawaru.
Okawaru was pleased with you.
You visited 1 branch of the dungeon, and saw 6 of its levels.

You collected 256 gold pieces.

Inventory:

Hand Weapons
 a - a +0 war axe of flaming (weapon)
 f - a +0 war axe
Armour
 c - a +0 buckler (worn)
 g - a +0 helmet (worn)
 m - a +0 pair of boots (worn)
 r - a +0 plate armour (worn)
 w - a +1 cloak of preservation (worn)
Jewellery
 l - a ring of see invisible
 p - a +6 ring of strength (right hand)
 q - a ring of willpower (left hand)
Wands
 h - a wand of flame (24)
 t - a wand of polymorph (2)
Scrolls
 b - a scroll of amnesia
 o - 2 scrolls of magic mapping
Potions
 e - a potion of brilliance
 i - 2 potions of heal wounds
 j - 2 potions of mutation
 k - 2 potions of berserk rage
 n - 2 potions of curing {unknown}
 s - a potion of flight {unknown}
 v - a potion of invisibility {unknown}
 x - 2 potions of degeneration {unknown}


   Skills:
 + Level 5.0 Fighting
 + Level 6.1 Axes
 + Level 5.5 Armour
 + Level 4.6 Shields
 * Level 3.8 Invocations
 * Level 3.1 Evocations


You had 7 spell levels left.
You didn't know any spells.
Your spell library contained the following spells:

 Spells                   Type           Power      Damage    Failure   Level
 Magic Dart               Conj           0%         1d3       100%        1
 Mephitic Cloud           Conj/Pois/Air  0%         N/A       100%        3
 Alistair's Intoxication  Tmut/Pois      0%         N/A       100%        5
 Borgnjor's Vile Clutch   Necr/Erth      0%         N/A       100%        5
 Eringya's Noxious Bog    Tmut/Pois      0%         N/A       100%        6
 Call Imp                 Summ           Unusable   N/A       N/A         2

Dungeon Overview and Level Annotations

Branches:
Dungeon (6/15)
 Temple: D:4-7

Altars:
Hepliaklqana
Nemelex Xobeh
Okawaru
Qazlal
Zin
The Shining One

Shops:
D:3 !   D:5 !


Innate Abilities, Weirdness & Mutations

You are immune to sickness and miasma.
Your stone body is resilient. (AC +5)
You are immune to poison.
You resist negative energy. (rN+)
You are resistant to electric shocks. (rElec)
You are resistant to unholy torment.
You are immune to petrification.


Message History

You climb downwards.
You block the iguana's attack.
The two-headed ogre hits you with a +0 giant club.
The two-headed ogre hits you but does no damage.
The iguana completely misses you.
There is a stone staircase leading up here.
Unknown command.
Unknown command.
The two-headed ogre barely misses you. x2
The iguana bites you but does no damage.
You climb upwards.
There is a stone staircase leading down here.
You feel very mighty all of a sudden. The iguana bites you.
The two-headed ogre barely misses you.
The two-headed ogre hits you with a +0 giant club!
You slash the two-headed ogre! You burn the two-headed ogre.
The two-headed ogre is moderately wounded.
You slash the iguana! You burn the iguana!
You kill the iguana!
Okawaru accepts your kill.
The two-headed ogre hits you with a +0 giant club!!
* * * LOW HITPOINT WARNING * * *
The two-headed ogre hits you but does no damage.
You feel much better.
You hit the two-headed ogre but do no damage.
The two-headed ogre is moderately wounded.
The two-headed ogre hits you but does no damage.
The two-headed ogre barely misses you.
You barely miss the two-headed ogre.
The two-headed ogre is moderately wounded.
The two-headed ogre hits you with a +0 giant club.
The two-headed ogre closely misses you.
You slash the two-headed ogre! You burn the two-headed ogre.
The two-headed ogre is severely wounded.
The two-headed ogre hits you but does no damage.
The two-headed ogre hits you with a +0 giant club!
* * * LOW HITPOINT WARNING * * *
You slash the two-headed ogre! You burn the two-headed ogre.
The two-headed ogre is almost dead.
The two-headed ogre hits you with a +0 giant club!
You die...

##....## ##.### #.##
#.....# ##....### ##.##
#....## ##.......###
#..### ###.##
##..........###....#####
###
#...........##..#.......
##..........<.#.##....###
#............)..##....#
##.......[....#.###....# #
#........@...#.........###
##........O.#..........##.
##.......##.#####.....##.
#......#..## ####...#.
########### ###.## ####


You could see a two-headed ogre.

Vanquished Creatures
  A steam dragon (D:5)
  2 water moccasins
  Duvessa (D:4)
  A black bear (D:5)
  A phantom (D:5)
  A necrophage (D:6)
  A scorpion (D:5)
  Dowan (D:4)
  A howler monkey (D:6)
  An orc priest (D:4)
  Crazy Yiuf (D:3)
  3 hounds
  2 gnoll boudas
  3 iguanas
  Natasha (thrice) (D:4)
  2 orc wizards (D:3)
  Robin (D:2)
  3 gnolls (D:3)
  4 adders
  A white imp (D:5)
  An ufetubus (D:4)
  5 dart slugs
  13 orcs
  4 ball pythons
  10 endoplasms
  5 giant cockroaches
  15 goblins
  8 hobgoblins
  11 kobolds
  4 quokkas
  8 bats
  14 frilled lizards
  7 rats
139 creatures vanquished.

Vanquished Creatures (others)
  7 plants
7 creatures vanquished.

Grand Total: 146 creatures vanquished

Notes
Turn   | Place    | Note
-------+----------+-------------------------------------------
     0 | D:1      | bande the Gargoyle Fighter began the quest for the Orb.
     0 | D:1      | Reached XP level 1. HP: 14/14 MP: 1/1
   142 | D:1      | Reached skill level 2 in Axes
   142 | D:1      | Reached XP level 2. HP: 17/19 MP: 2/2
   723 | D:1      | Reached XP level 3. HP: 23/23 MP: 3/3
  1101 | D:2      | Noticed Robin
  1111 | D:2      | Killed Robin
  1114 | D:2      | Reached skill level 3 in Axes
  1117 | D:2      | Reached XP level 4. HP: 29/29 MP: 4/4
  1971 | D:3      | Found a sparkling altar of Nemelex Xobeh.
  2063 | D:3      | You fall into a shaft and drop 1 floor!
  2096 | D:4      | Found an iron altar of Okawaru.
  2110 | D:4      | Became a worshipper of Warmaster Okawaru
  2113 | D:4      | Found a glowing silver altar of Zin.
  2138 | D:4      | Found a glowing golden altar of the Shining One.
  2182 | D:4      | Reached XP level 5. HP: 33/33 MP: 5/5
  2229 | D:3      | Found Longuv's Distillery.
  2282 | D:3      | Reached skill level 1 in Invocations
  2463 | D:3      | Found a faded altar of an unknown god.
  2519 | D:3      | Found a runed translucent door.
  2520 | D:3      | Noticed Crazy Yiuf
  2758 | D:3      | Killed Crazy Yiuf
  2759 | D:3      | Reached skill level 4 in Axes
  2887 | D:4      | Reached XP level 6. HP: 38/38 MP: 5/7
  3022 | D:3      | Reached * piety under Okawaru
  3354 | D:3      | Reached skill level 1 in Evocations
  3476 | D:4      | Noticed Natasha
  3477 | D:4      | Noticed Dowan
  3487 | D:4      | Killed Dowan
  3489 | D:4      | Killed Natasha
  3490 | D:4      | Reached XP level 7. HP: 27/43 MP: 8/8
  3577 | D:4      | Noticed Natasha
  3577 | D:4      | Noticed Duvessa
  3596 | D:4      | HP: 1/43 [Duvessa/+0 short sword (4)]
  3600 | D:4      | Killed Duvessa
  3601 | D:4      | Killed Natasha
  3889 | D:4      | Noticed Natasha
  3895 | D:4      | Killed Natasha
  4238 | D:5      | Entered Level 5 of the Dungeon
  4247 | D:5      | Reached skill level 5 in Axes
  4508 | D:5      | Reached ** piety under Okawaru
  4570 | D:5      | Found a stormy altar of Qazlal.
  4575 | D:5      | Noticed a fire elemental
  4579 | D:5      | Noticed a water elemental
  4579 | D:5      | Noticed an air elemental
  4608 | D:5      | Found a hazy altar of Hepliaklqana.
  4620 | D:5      | Reached XP level 8. HP: 48/48 MP: 10/10
  4646 | D:5      | Reached skill level 5 in Armour
  4678 | D:5      | Found Qaomed's Distillery.
  5185 | D:6      | Noticed a two-headed ogre
  5196 | D:5      | Reached skill level 5 in Fighting
  5196 | D:5      | Reached skill level 6 in Axes
  5492 | D:5      | Slain by a two-headed ogre

Illustrated notes

Levels and vault maps discovered:
D:1:      roderic_octagonal_star, layout_loops_ring
D:2:      layout_loops_cross, chequers_serial_rivers_small_a, uniq_robin
D:3:      layout_loops_ring, nemelex_xobeh_ov_fountains_minmay,
          hellmonk_ecumenical_altar_heavens_door, serial_shops,
          nicolae_square_shop, minmay_lizard_king, uniq_crazy_yiuf_cottage
D:4:      layout_basic, mainiacjoe_overflow_concentric_impassable,
          mainiacjoe_overflow_large_starburst, uniq_duvessa, uniq_natasha
D:5:      layout_cave_pods, nicolae_hepliaklqana_hazy_memory,
          nicolae_qazlal_style_of_elements, serial_glass, glass_columns_c,
          glass_columns_a, glass_columns_a, glass_columns_a, glass_columns_c,
          kennysheep_diamond, nrook_mini_backslash, eino_tiny_chamber
D:6:      layout_rooms, hangedman_glass_teeth

Skill      XL: |  1  2  3  4  5  6  7  8 |
---------------+-------------------------+-----
Axes           | 2 3 4 5 6 |  6.1
Armour         | 4 5 |  5.5
Invocations    | 1 2 3 |  3.8
Fighting       | 4 5 |  5.0
Shields        | 4 |  4.6
Evocations     | 1 2 3 |  3.1

Action                   |  1- 3 |  4- 6 |  7- 9 || total
-------------------------+-------+-------+-------++-------
Melee: War axe           |    89 |   149 |   123 ||   361
  Use: Scroll            |     2 |     2 |     3 ||     7
       Potion            |       |       |     5 ||     5
Armor: Scale mail        |    48 |    61 |       ||   109
       Plate armour      |       |    57 |   109 ||   166
Dodge: Dodged            |    40 |    71 |    50 ||   161
Block: Buckler           |    16 |    51 |    30 ||    97

Table legend: (Time is in decaauts)
 A = Elapsed time spent in this place.
 B = Non-inter-level travel time spent in this place.
 C = Inter-level travel time spent in this place.
 D = Time resting spent in this place.
 E = Time spent auto-exploring this place.
 F = Levels seen in this place.
 G = Mean time per level.
                   A        B        C        D        E       F      G
               +--------+--------+--------+--------+--------+-----+--------+
         Total |   5609 |   5567 |     42 |   1285 |   3108 |   6 |  934.8 |
       Dungeon |   5609 |   5567 |     42 |   1285 |   3108 |   6 |  934.8 |
               +--------+--------+--------+--------+--------+-----+--------+

Top non-repeatable levels by time:
     D:3: 1386 daAuts
     D:5: 1244 daAuts
     D:1: 1108 daAuts
     D:4: 1094 daAuts
     D:2: 741 daAuts
     D:6: 35 daAuts
